AoeStats
← RIO1000

Arena

506537052Analyzed
4v4 RM · 19d ago on Sep 13, 2026· 42m 25s· 8 players
Game mode
Random Map
Map size
Large (8 player)
Population
200
Speed
Normal
Resources
Standard
Victory
Conquest
Starting age
Dark Age
Ending age
Imperial Age
RankedLock teamsTeams togetherTeam positionsShared explorationLock speedFull tech treeHidden civsTurbo modeCheats
Victory
Defeat
🇨🇱 Celts · Chile
1295
+7
🇨🇱 Byzantines · Chile
1140
+12
🇨🇱 Japanese · Chile
1061
+14
🇨🇱 Hindustanis · Chile
961
+18
🇲🇽 Huns · Mexico
1070
-14
🇫🇷 Franks · France
1069
-14
🇲🇽 Britons · Mexico
1023
-12
🇧🇷 Aztecs · Brazil
1000
-11
senninha
8:05 Loom
10:39 Feudal Age
14:58 Castle Age
13:00 Double-Bit Axe
15:02 Gold Mining
15:34 Town Watch
16:25 Wheelbarrow
16:31 Scale Mail Armor
17:37 Bow Saw
26:21 Hand Cart
26:26 Chain Mail Armor
26:22 Forging
26:43 Gambesons
28:33 Iron Casting
31:08 Squires
34:31 Imperial Age
32:57 Stone Mining
34:19 Fletching
RIO1000
10:13 Feudal Age
14:06 Castle Age
12:11 Double-Bit Axe
12:45 Horse Collar
15:06 Bow Saw
15:00 Heavy Plow
15:05 Loom
16:27 Stone Mining
22:37 Wheelbarrow
22:39 Gold Mining
23:18 Crossbowman
24:12 Fletching
26:11 Gold Shaft Mining
26:01 Bodkin Arrow
26:42 Ballistics
26:54 Hand Cart
27:01 Padded Archer Armor
29:26 Leather Archer Armor
35:00 Imperial Age
34:28 Yeomen
35:02 Arbalester
38:22 Bracer
40:26 Chemistry
luenlome25
2:10 Loom
11:05 Feudal Age
17:24 Castle Age
15:31 Horse Collar
15:46 Double-Bit Axe
16:29 Gold Mining
18:38 Heavy Plow
18:49 Bow Saw
23:22 Bloodlines
31:25 Imperial Age
29:23 Scale Barding Armor
30:45 Forging
30:57 Chain Barding Armor
33:15 Stone Mining
34:01 Gold Shaft Mining
34:46 Conscription
35:04 Iron Casting
35:44 Two-Man Saw
35:53 Wheelbarrow
35:25 Marauders
36:34 Husbandry
37:38 Blast Furnace
39:56 Light Cavalry
40:59 Fletching
41:43 Cavalier
41:51 Hussar
Jairzin
12:24 Feudal Age
13:05 Horse Collar
17:14 Castle Age
15:16 Stone Mining
17:58 Double-Bit Axe
18:35 Heavy Plow
18:50 Bow Saw
24:59 Loom
27:00 Wheelbarrow
27:58 Stone Shaft Mining
27:18 Gold Mining
29:42 Hand Cart
32:41 Imperial Age
31:57 Gold Shaft Mining
31:58 Stone Shaft Mining
32:09 Forging
31:59 Scale Mail Armor
31:51 Fletching
32:39 Town Watch
33:24 Murder Holes
33:35 Siege Engineers
34:10 Iron Casting
33:51 Chain Mail Armor
33:39 Squires
33:24 Arson
33:05 Elite Jaguar Warrior
34:13 Garland Wars
34:18 Conscription
34:07 Treadmill Crane
34:18 Heated Shot
34:48 Ballistics
35:03 Plate Mail Armor
35:51 Blast Furnace
35:18 Arrowslits
35:36 Bodkin Arrow
37:56 Crop Rotation
41:03 Bracer
41:03 Padded Archer Armor
40:30 Crossbowman
42:13 Atlatl
42:02 Arbalester
*#Renovation#*
4:17 Loom
11:05 Feudal Age
12:44 Wheelbarrow
17:19 Castle Age
15:54 Padded Archer Armor
16:03 Double-Bit Axe
18:00 Stone Mining
18:00 Gold Mining
18:06 Gold Mining
18:18 Fletching
21:27 Crossbowman
22:17 Thumb Ring
23:19 Bodkin Arrow
26:17 Town Watch
27:01 Forging
27:04 Bloodlines
32:00 Elite Skirmisher
[TVDT] Emiliator
11:57 Feudal Age
13:13 Horse Collar
16:14 Castle Age
14:15 Double-Bit Axe
14:22 Gold Mining
14:30 Loom
16:02 Wheelbarrow
17:16 Heavy Plow
17:29 Bow Saw
19:05 Hand Cart
23:47 Gold Shaft Mining
23:03 Stone Mining
26:48 Imperial Age
24:10 Town Watch
23:51 Pikeman
25:23 Town Patrol
25:39 Forging
25:29 Scale Mail Armor
26:20 Scale Mail Armor
27:38 Iron Casting
27:19 Chain Mail Armor
27:34 Capped Ram
28:08 Halberdier
31:14 Blast Furnace
30:45 Plate Mail Armor
32:12 Chemistry
31:48 Siege Ram
36:21 Furor Celtica
36:32 Conscription
venusnocturna
9:47 Feudal Age
8:22 Loom
10:23 Double-Bit Axe
15:36 Castle Age
16:38 Wheelbarrow
23:39 Fortified Wall
26:00 Hand Cart
27:28 Horse Collar
28:40 Pikeman
30:24 Squires
31:20 Heavy Plow
31:33 Bow Saw
34:38 Imperial Age
35:42 Conscription
35:52 Halberdier
38:19 Chemistry
41:21 Forging
41:11 Scale Mail Armor
43:36 Iron Casting
43:06 Scale Barding Armor
43:17 Chain Mail Armor
Cuchorro
10:24 Feudal Age
14:22 Castle Age
12:26 Loom
12:31 Double-Bit Axe
13:34 Horse Collar
14:09 Gold Mining
15:04 Stone Mining
20:16 Fervor
22:09 Bow Saw
23:08 Gold Shaft Mining
23:31 Heavy Plow
23:54 Sanctity
23:49 Redemption
23:43 Scale Mail Armor
24:57 Fletching
27:19 Forging
28:26 Wheelbarrow
32:27 Imperial Age
31:09 Iron Casting
31:16 Hand Cart
31:41 Town Watch
31:59 Caravan
32:46 Chain Mail Armor
32:54 Town Patrol
33:33 Conscription
33:41 Ballistics
33:19 Elite Samurai
35:57 Blast Furnace
35:22 Kataparuto
37:13 Plate Mail Armor
41:07 Squires
40:55 Arson
41:07 Bodkin Arrow
Connection lost

Rejoining the realm…

Still unreachable

The connection could not be restored.

Session expired

The server has moved on; the page needs a fresh start.